 Dungeon Crawl Stone Soup version 0.32-a0-975-g85d4e5bfdb (webtiles) character file.

Game seed: 9577615583287963116

66 Maxmaps the Caller (level 3, 0/28 HPs)
             Began as a Demonspawn Summoner on Apr 19, 2024.
             Slain by a gnoll
             ... wielding a +0 flail
              (9 damage)
             ... on level 3 of the Dungeon.
             The game lasted 00:02:20 (1440 turns).

Maxmaps the Caller (Demonspawn Summoner)            Turns: 1440, Time: 00:02:20

Health: 0/28       AC:  2    Str:  5 (8)  XL:     3   Next: 96%
Magic:  4/6        EV: 11    Int: 16 (17) God:
Gold:   65         SH:  0    Dex: 10 (13) Spells: 3/6 levels left

rFire   . . .        c - +0 spear
rCold   . . .        (no shield)
rNeg    . . .        a - +0 robe
rPois   .            (helmet restricted)
rElec   .            (no cloak)
rCorr   .            (no gloves)
SInv    .            (no boots)
Will    .....        (no amulet)
Stlth   ++           (no ring)
HPRegen 0.24/turn    (no ring)
MPRegen 0.10/turn

%: no passive effects
@: mighty, brilliant
A: horns 1, spiny 1
a: no special abilities


You were on level 3 of the Dungeon.
You visited 1 branch of the dungeon, and saw 3 of its levels.

You collected 65 gold pieces.

Inventory:

Hand Weapons
 c - a +0 spear (weapon)
 g - a +0 broad axe of flaming
Armour
 a - a +0 robe (worn)
Scrolls
 h - 2 scrolls of identify {unknown}
 i - a scroll of butterflies {unknown}
 j - a scroll of revelation {unknown}
 m - a scroll of teleportation {unknown}
Potions
 b - a potion of magic
 d - a potion of cancellation {unknown}
 e - a potion of might
 f - a potion of degeneration
 k - a potion of brilliance
 n - a potion of lignification {unknown}


   Skills:
 + Level 2.9 Fighting
 - Level 1.7 Dodging
 - Level 1.7 Stealth
 - Level 2.0 Spellcasting
 - Level 4.5 Summonings


You had 3 spell levels left.
You knew the following spells:

 Your Spells              Type           Power      Damage    Failure   Level
a - Summon Small Mammal   Summ           96%        N/A       3%          1
b - Call Imp              Summ           48%        N/A       4%          2

Your spell library contained the following spells:

 Spells                   Type           Power      Damage    Failure   Level
 Call Canine Familiar     Summ           24%        N/A       10%         3
 Dazzling Flash           Conj/Hex       4%         N/A       52%         3
 Mephitic Cloud           Conj/Alch/Air  2%         N/A       52%         3
 Summon Blazeheart Golem  Fire/Summ      13%        N/A       63%         4
 Summon Lightning Spire   Summ/Air       13%        N/A       63%         4
 Silence                  Hex/Air        1%         N/A       99%         5


Dungeon Overview and Level Annotations

Branches:
Dungeon (3/15)

Altars:


Innate Abilities, Weirdness & Mutations

You have a pair of small horns on your head.
You are partially covered in sharp spines.


Message History

The gnoll hits you from afar with a +0 spear.
Your cerulean imp closely misses the gnoll.
You hit the gnoll.
The gnoll is lightly wounded.
The gnoll closely misses you. x3
Your cerulean imp hits the gnoll from afar with a -3 spear.
You hit the gnoll but do no damage.
The gnoll is lightly wounded.
The gnoll closely misses you. The gnoll is struck by your spines.
The gnoll barely misses you. The gnoll is struck by your spines.
The gnoll closely misses you. x2
Your cerulean imp hits the gnoll from afar with a -3 spear.
You hit the gnoll.
The gnoll is severely wounded.
The gnoll is struck by your spines. The gnoll closely misses you.
The gnoll misses you. The gnoll is struck by your spines.
The gnoll closely misses you.
The gnoll hits you from afar with a +0 spear.
* * * LOW HITPOINT WARNING * * *
Your cerulean imp hits the gnoll from afar with a -3 spear.
The gnoll dies!
Unknown command.
It was a potion of might.
You feel very mighty all of a sudden. The gnoll completely misses you.
The gnoll barely misses you. The gnoll closely misses you.
Your cerulean imp hits the gnoll from afar with a -3 spear.
It was a potion of degeneration.
There was something very wrong with that liquid.
You feel weakened.
You feel dopey.
You feel clumsy.
The gnoll hits you from afar with a +0 spear.
* * * LOW HITPOINT WARNING * * *
The gnoll barely misses you. The gnoll misses you.
Your cerulean imp closely misses the gnoll.
It was a potion of brilliance.
You feel clever all of a sudden.
The gnoll closely misses you. x2; The gnoll barely misses you.
Your cerulean imp barely misses the gnoll.
It was a potion of curing.
You feel better. The gnoll hits you with a +0 flail!
You die...

##################
#######.................
#...........###.........
#.#####.##### #..#######
#.# #..# #5# #..# ###
#@#######..####...
.....gg)..............#
......g.#.....).....<.#
..^.....................
##..##.##.###########.##
#.. #. ... #. #. ### #
##


You could see 3 gnolls and a friendly cerulean imp (summoned).

Vanquished Creatures
  A ribbon worm (D:2)
  2 dart slugs (D:2)
  2 endoplasms
  4 giant cockroaches
  3 goblins
  2 hobgoblins (D:1)
  6 jackals
  5 quokkas
  2 ball pythons
  6 bats
  3 frilled lizards
  4 kobolds
  3 rats (D:2)
43 creatures vanquished.

Vanquished Creatures (collateral kills)
  A gnoll (D:3)
1 creature vanquished.

Grand Total: 44 creatures vanquished

Notes
Turn   | Place    | Note
-------+----------+-------------------------------------------
     0 | D:1      | Maxmaps the Demonspawn Summoner began the quest for the
                  | Orb.
     0 | D:1      | Reached XP level 1. HP: 13/13 MP: 3/3
   144 | D:1      | Gained mutation: You are partially covered in sharp spines.
                  | [demonic ancestry]
   144 | D:1      | Reached XP level 2. HP: 19/19 MP: 5/5
   353 | D:1      | Reached skill level 1 in Fighting
   721 | D:2      | Gained mutation: You have a pair of small horns on your
                  | head. [demonic ancestry]
   721 | D:2      | Reached XP level 3. HP: 17/27 MP: 6/6
  1404 | D:3      | Learned a level 2 spell: Call Imp
  1438 | D:3      | HP: 1/28 [gnoll/+0 spear (4)]
  1440 | D:3      | Slain by a gnoll

Illustrated notes

Levels and vault maps discovered:
D:1:      dpeg_arrival_connections, layout_rooms,
          amcnicky_mini_rare_corridor_liquid
D:2:      layout_rooms, kennysheep_path_1, kennysheep_flooded_box,
          minmay_box_of_dots
D:3:      layout_loops_ring, st_stairs_8

Skill      XL: |  1  2  3 |
---------------+----------+-----
Fighting       | 1 2 |  2.9
Dodging        | |  1.7
Stealth        | |  1.7
Spellcasting   | |  2.0
Summonings     | |  4.5

Action                     || total
---------------------------++-------
  Melee: Spear             ||   124
         Unarmed           ||     2
         Headbutt          ||     9
   Cast: Summon Small Mamm ||     4
         Call Imp          ||     1
    Use: Potion            ||     4
   Stab: Distracted        ||     3
         Sleeping          ||     5
 Armour: Robe              ||    58
  Dodge: Dodged            ||    79

Table legend: (Time is in decaauts)
 A = Elapsed time spent in this place.
 B = Non-inter-level travel time spent in this place.
 C = Inter-level travel time spent in this place.
 D = Time resting spent in this place.
 E = Time spent auto-exploring this place.
 F = Levels seen in this place.
 G = Mean time per level.
                   A        B        C        D        E       F      G
               +--------+--------+--------+--------+--------+-----+--------+
         Total |   1451 |   1412 |     39 |    135 |    977 |   3 |  483.7 |
       Dungeon |   1451 |   1412 |     39 |    135 |    977 |   3 |  483.7 |
               +--------+--------+--------+--------+--------+-----+--------+

Top non-repeatable levels by time:
     D:1: 718 daAuts
     D:2: 684 daAuts
     D:3: 48 daAuts
